 Dungeon Crawl Stone Soup version 0.30-a0-793-g160f7cfddd (webtiles) character file.

Game seed: 9211361613458628030

33 themarg the Firebug (level 3, 0/24 HPs)
             Began as a Demonspawn Fire Elementalist on Feb 19, 2023.
             Slain by Terence
             ... wielding a +0 flail
              (6 damage)
             ... on level 2 of the Dungeon.
             The game lasted 00:04:21 (1361 turns).

themarg the Firebug (Demonspawn Fire Elementalist)  Turns: 1361, Time: 00:04:22

Health: 0/24       AC:  2    Str:  8    XL:     3   Next: 12%
Magic:  2/6        EV: 12    Int: 18    God:
Gold:   72         SH:  4    Dex: 13    Spells: 3/6 levels left

rFire   . . .      SeeInvis .    g - +0 dagger
rCold   . . .      Faith    .    (no shield)
rNeg    . . .      Spirit   .    a - +0 robe
rPois   .          Reflect  .    (no helmet)
rElec   .          Harm     .    (no cloak)
rCorr   .          Rampage  .    (no gloves)
Will    .....                    (no boots)
Stlth   ++                       (no amulet)
HPRegen 0.24/turn                (no ring)
MPRegen 0.10/turn                (no ring)

@: no status effects
A: hooves 1, condensation shield
a: no special abilities


You were on level 2 of the Dungeon.
You visited 1 branch of the dungeon, and saw 2 of its levels.

You collected 72 gold pieces.

Inventory:

Hand Weapons
 g - a +0 dagger (weapon)
Missiles
 c - 18 stones
 j - 5 poisoned darts
Armour
 a - a +0 robe (worn)
 f - a +0 buckler of protection
Scrolls
 h - 2 scrolls of magic mapping {unknown}
 i - a scroll of fear {unknown}
 l - 2 scrolls of identify {unknown}
Potions
 b - a potion of magic
 d - a potion of cancellation {unknown}
 e - a potion of invisibility {unknown}
 k - a potion of flight {unknown}


   Skills:
 - Level 1.7 Dodging
 + Level 2.7 Stealth
 - Level 2.0 Spellcasting
 - Level 1.0 Conjurations
 + Level 3.3 Fire Magic


You had 3 spell levels left.
You knew the following spells:

 Your Spells              Type           Power      Damage    Failure   Level
a - Foxfire               Conj/Fire      36%        2x1d5     8%          1
b - Scorch                Fire           26%        2d6       7%          2

Your spell library contained the following spells:

 Spells                   Type           Power      Damage    Failure   Level
 Inner Flame              Hex/Fire       7%         N/A       26%         3
 Kindle Blastsparks       Fire/Tloc/Air  10%        2d10      34%         3
 Flame Wave               Conj/Fire      9%         2d6       58%         4


Dungeon Overview and Level Annotations

Branches:
Dungeon (2/15)

Altars:

Annotations:
D:2 Terence


Innate Abilities, Weirdness & Mutations

You have large cloven feet.
A meltable shield of frost defends you. (SH +4)


Message History

An orc comes into view. It is wielding a +0 hand axe.
The orc shouts!
The orc moves out of view.
An orc is nearby!
Flames lash the orc.
The orc is severely wounded.
The orc's fire resistance burns away.
Flames lash the orc.
The orc is burned terribly!
You kill the orc!
Things that are here:
a +0 hand axe; a +0 ring mail; an orc corpse
l - 2 scrolls labelled DERPHY YXIHUZAIGIR (gained 1)
Things that are here:
a +0 hand axe; a +0 ring mail; an orc corpse You see here a +0 whip of pain.
Terence the Incautious comes into view.
He is wielding a +0 flail.
Found a robe.
A bat comes into view.
A bat is nearby!
The bat closely misses you.
Flames lash the bat.
You kill the bat!
You hear a shout!
Terence is nearby!
Flames lash Terence but do no damage.
You hear a shout!
Flames lash Terence but do no damage.
Terence hits you with a +0 flail.
You don't have enough magic to cast this spell.
Terence attacks as you move away! Terence hits you with a +0 flail!
Magic courses through your body. Terence hits you with a +0 flail!
* * * LOW HITPOINT WARNING * * *
Flames lash Terence but do no damage.
You hear a shout!
Terence barely misses you.
Flames lash Terence.
Terence is lightly wounded.
Terence's fire resistance burns away.
A hobgoblin comes into view.
Terence hits you with a +0 flail.
You die...

#..###..######...##...##
#...##.##....##...#####
#...####..##.##...#
#......#..)###...##
#..###.##.......##
#......####...###
#......########
#..#.#.##....#
#....#..@...##
##.###.##@#.##.#. #.
####.#.....[.. #
#...#.#..@.
#...≈.....≈..
#...#....≈...
#.≈...≈.....≈..
#.......#g#....
#..#.#.......#.


You could see Terence (combustible) and a hobgoblin.

Vanquished Creatures
  2 dart slugs (D:1)
  An orc (D:2)
  4 bats
  3 endoplasms (D:1)
  A giant cockroach (D:1)
  3 goblins
  A hobgoblin (D:1)
  2 jackals (D:1)
  A quokka (D:1)
  A ball python (D:1)
  5 frilled lizards (D:1)
  A kobold (D:1)
  2 rats (D:1)
27 creatures vanquished.

Vanquished Creatures (others)
  57 foxfires
57 creatures vanquished.

Grand Total: 84 creatures vanquished

Notes
Turn   | Place    | Note
-------+----------+-------------------------------------------
     0 | D:1      | themarg the Demonspawn Fire Elementalist began the quest
                  | for the Orb.
     0 | D:1      | Reached XP level 1. HP: 13/13 MP: 3/3
   334 | D:1      | Reached skill level 3 in Fire Magic
   400 | D:1      | Gained mutation: A meltable shield of frost defends you.
                  | (SH +4) [demonic ancestry]
   400 | D:1      | Reached XP level 2. HP: 19/19 MP: 1/5
   498 | D:1      | Learned a level 2 spell: Scorch
  1116 | D:2      | Discovered your monstrous ancestry.
  1116 | D:2      | Gained mutation: You have large cloven feet. [demonic
                  | ancestry]
  1116 | D:2      | Reached XP level 3. HP: 24/24 MP: 1/6
  1342 | D:2      | Noticed Terence
  1361 | D:2      | Slain by Terence

Illustrated notes

Levels and vault maps discovered:
D:1:      dpeg_arrival_prison, layout_rooms, chequers_avenue,
          minmay_stone_trees_small
D:2:      minmay_recursive_quarters, layout_basic,
          nicolae_kite_square_tiling_tiny, minmay_puff, uniq_crazy_yiuf_cottage,
          uniq_terence

Skill      XL: |  1 |
---------------+----+-----
Stealth        | 2 |  2.7
Fire Magic     | 3 |  3.3
Dodging        | |  1.7
Spellcasting   | |  2.0
Conjurations   | |  1.0

Action                     || total
---------------------------++-------
  Melee: Unarmed           ||    11
         Dagger            ||     1
   Cast: Foxfire           ||    39
         Scorch            ||    12
    Use: Potion            ||     1
 Armour: Robe              ||     5
  Dodge: Dodged            ||    16
  Block: Other             ||     2

Table legend: (Time is in decaauts)
 A = Elapsed time spent in this place.
 B = Non-inter-level travel time spent in this place.
 C = Inter-level travel time spent in this place.
 D = Time resting spent in this place.
 E = Time spent auto-exploring this place.
 F = Levels seen in this place.
 G = Mean time per level.
                   A        B        C        D        E       F      G
               +--------+--------+--------+--------+--------+-----+--------+
         Total |   1360 |   1340 |     20 |     74 |   1074 |   2 |  680.0 |
       Dungeon |   1360 |   1340 |     20 |     74 |   1074 |   2 |  680.0 |
               +--------+--------+--------+--------+--------+-----+--------+

Top non-repeatable levels by time:
     D:1: 1068 daAuts
     D:2: 291 daAuts
